AoeStats
← sadhwani.i.s.m

Arabia

509330213Analyzed
1v1 RM · 5d ago on Sep 26, 2026· 45m 43s· 2 players
Game mode
Random Map
Map size
Tiny (2 player)
Population
200
Speed
Normal
Resources
Standard
Victory
Conquest
Starting age
Dark Age
Ending age
Imperial Age
RankedLock teamsTeams togetherTeam positionsShared explorationLock speedFull tech treeHidden civsTurbo modeCheats
Victory
Defeat
🇨🇳 Japanese · China
692
+17
🇮🇳 Vietnamese · India
705
-17
59351599
9:15 Feudal Age
9:21 Man-at-Arms
10:29 Loom
18:35 Castle Age
17:24 Double-Bit Axe
18:29 Horse Collar
19:34 Fletching
20:43 Bow Saw
22:06 Bodkin Arrow
23:16 Padded Archer Armor
28:40 Wheelbarrow
29:13 Scale Barding Armor
31:09 Gold Mining
36:57 Imperial Age
35:55 Leather Archer Armor
36:01 Chain Barding Armor
36:28 Yasama
38:10 Guard Tower
38:46 Kataparuto
38:35 Elite Skirmisher
41:27 Keep
42:45 Chemistry
43:49 Bracer
44:19 Ring Archer Armor
44:21 Murder Holes
45:03 Heavy Cavalry Archer
sadhwani.i.s.m
1:24 Loom
10:58 Feudal Age
11:45 Double-Bit Axe
11:41 Horse Collar
14:00 Wheelbarrow
13:11 Town Watch
17:51 Fishing Lines
22:28 Gold Mining
22:28 Stone Mining
28:44 Castle Age
27:28 Padded Archer Armor
28:31 Forging
29:59 Bow Saw
29:50 Heavy Plow
30:09 Hand Cart
30:16 Elite Skirmisher
36:19 Fletching
38:47 Thumb Ring
39:30 Arson
39:45 Squires
39:47 Scale Mail Armor
41:42 Iron Casting
41:23 Chain Mail Armor
41:05 Bodkin Arrow
46:24 Imperial Age
Connection lost

Rejoining the realm…

Still unreachable

The connection could not be restored.

Session expired

The server has moved on; the page needs a fresh start.